 Dungeon Crawl Stone Soup version 0.29.0-4-gdea44cf6ec (webtiles) character file.

Game seed: 12623125545613322912

130 qw the Chopper (level 5, -8/30 HPs)
             Began as a Tengu Warper on Aug 28, 2022.
             Mangled by Grinder (10 damage)
             ... on level 3 of the Dungeon.
             The game lasted 00:00:15 (2945 turns).

qw the Chopper (Tengu Warper)                       Turns: 2945, Time: 00:00:16

Health: -8/30      AC:  0    Str: 13    XL:     5   Next: 14%
Magic:  9/9        EV: 23    Int: 14    God:
Gold:   234        SH:  0    Dex: 18    Spells: 8/8 levels left

rFire   . . .      SeeInvis .   (weapon currently unavailable)
rCold   . . .      Faith    .   (shield currently unavailable)
rNeg    . . .      Spirit   .   (body armour currently unavailable)
rPois   .          Reflect  .   (helmet currently unavailable)
rElec   .          Harm     .   (cloak currently unavailable)
rCorr   .          Rampage  .   (gloves currently unavailable)
Will    .....                   (boots unavailable)
Stlth   ++........              (no amulet)
HPRegen 0.10/turn               (ring currently unavailable)
MPRegen 0.11/turn               (ring currently unavailable)

@: bat-form, flying quickly and evasively, very quick
A: fast, flying, no casting, tiny, (beak), (talons 3), nimble flight
a: no special abilities


You were on level 3 of the Dungeon.
You were a bat.
You visited 1 branch of the dungeon, and saw 3 of its levels.

You collected 234 gold pieces.


Innate Abilities, Weirdness & Mutations

You are a bat.
You are tiny and dextrous.
You move quickly.
You are flying.
Your equipment is almost entirely melded.
You are incapable of wielding weapons or throwing items.
You cannot cast spells.
((You have a beak for a mouth.))
((You have claws for feet.))
Your magical nature lets you fly swiftly and evasively.


   Skills:
 - Level 2.0 Fighting
 + Level 5.7 Axes
 - Level 1.0 Throwing
 - Level 1.1 Armour
 - Level 2.1 Dodging
 - Level 2.0 Spellcasting
 - Level 2.4 Translocations


You had 8 spell levels left.
You didn't know any spells.
Your spell library contained the following spells:

 Spells                   Type           Power      Damage    Failure   Level
 Blink                    Tloc           16%        N/A       14%         2
 Gell's Gravitas          Tloc           8%         N/A       26%         3
 Lesser Beckoning         Tloc           8%         N/A       26%         3
 Teleport Other           Tloc           8%         N/A       26%         3
 Manifold Assault         Tloc           8%         N/A       94%         5

Inventory:

Hand Weapons
 h - a +0 flail
 Y - a +0 hand axe (melded)
Armour
 f - a +0 ring mail (melded)
Jewellery
 a - a +6 ring of dexterity
 d - a ring of see invisible (melded)
 e - a +4 ring of protection (melded)
Scrolls
 g - a scroll of identify
Potions
 b - a potion of cancellation {unknown}
 c - a potion of heal wounds {unknown}
 k - a potion of invisibility {unknown}

Dungeon Overview and Level Annotations

Branches:
Dungeon (3/15)

Altars:

Annotations:
D:3 1 runed translucent door, Crazy Yiuf, Grinder


Message History

The adder is severely wounded.
You feel sick. The adder completely misses you.
The adder bites you but does no damage.
You closely miss the adder. Your kick misses the adder.
The adder is severely wounded.
You feel sick. The adder misses you.
You closely miss the adder. You claw the adder.
You kill the adder!
You feel sick.
You feel sick.
You see here an adder corpse.
You hit Grinder. You claw Grinder, but do no damage.
Grinder is lightly wounded.
You feel sick. Grinder hits you but does no damage.
You closely miss Grinder. You claw Grinder, but do no damage.
Grinder is lightly wounded.
You feel sick.
You are no longer poisoned.
Grinder barely misses you.
You hit Grinder but do no damage. You claw Grinder, but do no damage.
Grinder is lightly wounded.
Grinder zaps a wand.
You turn into a bat.
Your +0 hand axe melds into your body.
Your +0 ring mail melds into your body.
Your ring of see invisible melds into your body.
Your +4 ring of protection melds into your body.
You barely miss Grinder.
Grinder is lightly wounded.
Grinder gestures at you. Pain shoots through your body!
You hit Grinder.
Grinder is lightly wounded.
Grinder says, "Tell me all your secrets, or I'll kill you."
Grinder hits you.
You writhe in agony.
You barely miss Grinder.
Grinder is lightly wounded.
Grinder blinks!
You barely miss Grinder.
Grinder is lightly wounded.
Grinder hits you!
You die...

#..# #.# #.# #..# #.# #.#
#..# #.# #.# ######..# #.#
#.# #.......# #.# ###.#
#.####.## #.# ##.#.#
#.###...## #.#
#.###.#..###.##.###.####.#
#.....%ยค.b5....%#
#......#
#####..?.######.###.######
##.#...........##
#.############# ..# ####


You could see Grinder.

Vanquished Creatures
  3 adders
  5 gnolls
  3 dart slugs
  3 ball pythons
  3 endoplasms (D:1)
  3 giant cockroaches (D:1)
  A goblin (D:1)
  6 hobgoblins
  3 jackals (D:1)
  A quokka (D:1)
  5 bats
  4 frilled lizards
  5 kobolds
  9 rats
54 creatures vanquished.

Vanquished Creatures (others)
  8 fungi (D:1)
  A plant (D:2)
  5 toadstools (D:1)
14 creatures vanquished.

Grand Total: 68 creatures vanquished

Notes
Turn   | Place    | Note
-------+----------+-------------------------------------------
     0 | D:1      | qw the Tengu Warper began the quest for the Orb.
     0 | D:1      | Reached XP level 1. HP: 12/12 MP: 4/4
     0 | D:1      | 0 ||| qw: Version: 0.1-a-89-g26bdef1
     0 | D:1      | 0 ||| qw: Game counter: 2640
     0 | D:1      | 0 ||| qw: Always use a shield: true
     0 | D:1      | 0 ||| qw: God list: Okawaru
     0 | D:1      | 0 ||| qw: Allow faded altars: false
     0 | D:1      | 0 ||| qw: Do Orc after D:15 true
     0 | D:1      | 0 ||| qw: Do second Lair branch before Depths: true
     0 | D:1      | 0 ||| qw: Lair rune preference: random
     0 | D:1      | 0 ||| qw: Plans: Normal
     0 | D:1      | 0 ||| PLANNING D:1-11
   167 | D:1      | 167 ||| Stepping ~*~*~tactically~*~*~ (stealth).
   175 | D:1      | 175 ||| Stepping ~*~*~tactically~*~*~ (stealth).
   182 | D:1      | 182 ||| Stepping ~*~*~tactically~*~*~ (stealth).
   184 | D:1      | 184 ||| Stepping ~*~*~tactically~*~*~ (stealth).
   235 | D:1      | Reached XP level 2. HP: 13/17 MP: 6/6
   299 | D:1      | Reached skill level 3 in Axes
   479 | D:1      | 479 ||| Stepping ~*~*~tactically~*~*~ (hiding).
   500 | D:1      | 500 ||| Stepping ~*~*~tactically~*~*~ (stealth).
   502 | D:1      | 502 ||| Stepping ~*~*~tactically~*~*~ (hiding).
   712 | D:1      | Reached XP level 3. HP: 21/21 MP: 7/7
   902 | D:1      | Reached skill level 4 in Axes
  1059 | D:1      | 1059 ||| DROPPING +0 whip of electrocution.
  1142 | D:1      | 1142 ||| Stepping ~*~*~tactically~*~*~ (stealth).
  1156 | D:1      | 1156 ||| Stepping ~*~*~tactically~*~*~ (stealth).
  1157 | D:1      | 1157 ||| Stepping ~*~*~tactically~*~*~ (stealth).
  1167 | D:1      | 1167 ||| Stepping ~*~*~tactically~*~*~ (stealth).
  1169 | D:1      | 1169 ||| Stepping ~*~*~tactically~*~*~ (stealth).
  1170 | D:1      | 1170 ||| Stepping ~*~*~tactically~*~*~ (stealth).
  1410 | D:1      | 1410 ||| UPGRADING to +0 ring mail.
  1420 | D:1      | 1420 ||| DROPPING +0 leather armour.
  1421 | D:1      | 1421 ||| UPGRADING to ring of see invisible.
  1422 | D:1      | 1422 ||| UPGRADING to +6 ring of dexterity.
  1423 | D:1      | 1423 ||| READING scroll labelled MYTHRU UXUTZEUL.
  1424 | D:1      | 1424 ||| DROPPING scroll of blinking.
  1493 | D:2      | Reached XP level 4. HP: 21/26 MP: 8/8
  1546 | D:2      | 1546 ||| Stepping ~*~*~tactically~*~*~ (stealth).
  1564 | D:2      | 1564 ||| Stepping ~*~*~tactically~*~*~ (stealth).
  1579 | D:2      | Reached skill level 5 in Axes
  1834 | D:2      | 1834 ||| Stepping ~*~*~tactically~*~*~ (hiding).
  1880 | D:2      | 1880 ||| Stepping ~*~*~tactically~*~*~ (hiding).
  2260 | D:2      | Found a faded altar of an unknown god.
  2637 | D:2      | 2637 ||| UPGRADING to +4 ring of protection.
  2639 | D:2      | 2639 ||| READING 2 scrolls labelled YMIUTOEDECH.
  2640 | D:2      | 2640 ||| READING scroll labelled LUSTET SERIX.
  2641 | D:2      | 2641 ||| READING scroll labelled MOHOKL ISANWID.
  2735 | D:3      | Gained mutation: Your magical nature lets you fly swiftly
                  | and evasively. [Tengu growth]
  2735 | D:3      | Reached XP level 5. HP: 26/30 MP: 9/9
  2821 | D:3      | Found a runed translucent door.
  2822 | D:3      | Noticed Crazy Yiuf
  2924 | D:3      | Noticed Grinder
  2925 | D:3      | 2925 ||| Stepping ~*~*~tactically~*~*~ (stealth).
  2928 | D:3      | 2928 ||| Stepping ~*~*~tactically~*~*~ (stealth).
  2939 | D:3      | HP: 6/30 [Grinder/nerve-wracking pain (14)]
  2940 | D:3      | HP: 1/30 [Grinder (3)]
  2945 | D:3      | Mangled by Grinder

Levels and vault maps discovered:
D:1:      dreamdust_arrival_beginning_and_end, layout_loops_cross,
          minmay_gold_behind_fungi, kennysheep_flooded_box, minmay_liquid_box,
          dreamdust_wishing_well
D:2:      wad_lake_hut, layout_basic, chequers_ecumenical_altar_island
D:3:      layout_loops_ring, gammafunk_ghost_gnarly_gnolls,
          uniq_crazy_yiuf_cottage, uniq_grinder, uniq_sigmund

Skill      XL: |  1  2  3  4 |
---------------+-------------+-----
Axes           | 3 4 5 |  5.7
Fighting       | |  2.0
Throwing       | |  1.0
Armour         | |  1.1
Dodging        | |  2.1
Spellcasting   | |  2.0
Translocations | |  2.4

Action                   |  1- 3 |  4- 6 || total
-------------------------+-------+-------++-------
Melee: Hand axe          |    69 |    62 ||   131
       Kick              |    15 |    17 ||    32
       Peck              |    12 |     9 ||    21
       Punch             |     1 |       ||     1
       Unarmed           |       |     4 ||     4
Throw: Boomerang         |     7 |       ||     7
  Use: Scroll            |     1 |     3 ||     4
Armor: Leather armour    |    13 |       ||    13
       Ring mail         |     1 |    20 ||    21
Dodge: Dodged            |    28 |    31 ||    59

Table legend:
 A = Non-vault XP
 B = Vault XP
 C = Vault XP percentage of total XP
 D = Non-vault monster count
 E = Vault monster count
 F = Vault count percentage of total count
                 A         B        C        D         E       F
            +---------+---------+-------+---------+---------+-------
      Total |     187 |       0 |   0.0 |      54 |       0 |   0.0
            +---------+---------+-------+---------+---------+-------
        D:1 |      66 |       0 |   0.0 |      32 |       0 |   0.0
        D:2 |      92 |       0 |   0.0 |      18 |       0 |   0.0
        D:3 |      29 |       0 |   0.0 |       4 |       0 |   0.0
            +---------+---------+-------+---------+---------+-------
